AoeStats
← AxD | Cad Bane

Arabia

509243398Analyzed
4v4 RM · 5d ago on Sep 26, 2026· 30m 9s· 8 players
Game mode
Random Map
Map size
Large (8 player)
Population
200
Speed
Normal
Resources
Standard
Victory
Conquest
Starting age
Dark Age
Ending age
Imperial Age
RankedLock teamsTeams togetherTeam positionsShared explorationLock speedFull tech treeHidden civsTurbo modeCheats
Victory
Defeat
🇸🇻 Shu · El Salvador
1588
+13
🇦🇷 Khmer · Argentina
1556
+14
🇨🇱 Varangians · Chile
1549
+14
1483
+17
1705
-21
🇦🇷 Maya · Argentina
1550
-16
🇨🇴 Franks · Colombia
1510
-14
🇦🇷 Britons · Argentina
1290
-7
Jony
6:14 Loom
8:40 Feudal Age
14:04 Fletching
20:15 Padded Archer Armor
22:12 Gold Mining
27:10 Castle Age
26:59 Double-Bit Axe
27:14 Crossbowman
DL | Lich
0:27 Loom
11:42 Feudal Age
13:36 Fletching
20:20 Padded Archer Armor
25:28 Castle Age
23:56 Double-Bit Axe
24:50 Horse Collar
25:31 Crossbowman
26:16 Bodkin Arrow
28:16 Ballistics
30:07 Leather Archer Armor
que estas haciendo gonorrea?
6:25 Loom
8:30 Feudal Age
9:19 Double-Bit Axe
9:15 Horse Collar
15:34 Scale Barding Armor
17:19 Bloodlines
19:39 Wheelbarrow
19:31 Town Watch
24:35 Castle Age
24:24 Light Cavalry
25:27 Chain Barding Armor
25:19 Bow Saw
27:06 Forging
27:20 Husbandry
28:50 Gold Mining
DL | JuanFe
5:15 Loom
6:49 Loom
7:15 Loom
9:25 Feudal Age
10:02 Double-Bit Axe
15:24 Scale Barding Armor
21:36 Wheelbarrow
24:42 Castle Age
23:40 Town Watch
25:26 Forging
24:43 Light Cavalry
27:09 Husbandry
29:06 Iron Casting
28:37 Gold Mining
AxD | Keiokenkun-Uno-Puro
0:54 Loom
11:29 Feudal Age
12:09 Double-Bit Axe
14:16 Town Watch
19:14 Fletching
24:04 Horse Collar
28:08 Castle Age
26:28 Padded Archer Armor
26:19 Gold Mining
29:48 Bodkin Arrow
29:21 Crossbowman
30:44 Wheelbarrow
30:15 Thumb Ring
AxD | Cad Bane
7:30 Loom
7:37 Loom
10:04 Feudal Age
10:42 Double-Bit Axe
16:39 Scale Barding Armor
19:02 Wheelbarrow
19:17 Forging
19:29 Bloodlines
24:18 Castle Age
22:09 Horse Collar
24:34 Gold Mining
24:40 Light Cavalry
25:12 Gambesons
26:19 Chain Barding Armor
Cronos
6:01 Loom
8:27 Feudal Age
9:33 Double-Bit Axe
10:21 Horse Collar
15:58 Scale Barding Armor
18:30 Bloodlines
20:25 Forging
24:01 Castle Age
22:04 Gold Mining
24:02 Light Cavalry
25:05 Chain Barding Armor
25:54 Wheelbarrow
26:12 Husbandry
AxD | Kurumi 002
6:03 Loom
8:55 Feudal Age
10:06 Double-Bit Axe
12:43 Fletching
13:21 Padded Archer Armor
21:37 Castle Age
20:50 Gold Mining
21:47 Crossbowman
22:23 Bodkin Arrow
24:06 Ballistics
25:48 Bow Saw
26:39 Thumb Ring
27:32 Wheelbarrow
29:45 Leather Archer Armor
Connection lost

Rejoining the realm…

Still unreachable

The connection could not be restored.

Session expired

The server has moved on; the page needs a fresh start.